 Dungeon Crawl Stone Soup version 0.28.0-43-g3370ac3207 (webtiles) character file.

Game seed: 9754324592658631856

58 lonewolfV2 the Skirmisher (level 3, -3/29 HPs)
             Began as a Demonspawn Fighter on Feb 28, 2022.
             Slain by Grinder (6 damage)
             ... on level 3 of the Dungeon.
             The game lasted 00:04:07 (2252 turns).

lonewolfV2 the Skirmisher (Demonspawn Fighter)      Turns: 2252, Time: 00:04:08

Health: -3/29      AC:  6    Str: 18    XL:     3   Next: 75%
Magic:  3/3        EV:  9    Int:  9    God:
Gold:   74         SH:  4    Dex: 12    Spells: 2/2 levels left

rFire   . . .      SeeInvis .   a - +1 war axe (vamp)
rCold   . . .      Faith    .   c - +0 buckler
rNeg    . . .      Spirit   .   b - +0 scale mail
rPois   .          Reflect  .   (no helmet)
rElec   .          Harm     .   (no cloak)
rCorr   .          Rampage  .   (no gloves)
Will    .....                   (no boots)
Stlth   ..........              (no amulet)
HPRegen 0.09/turn               (no ring)
MPRegen 0.08/turn               (no ring)

@: no status effects
A: demonic touch 1
a: no special abilities


You were on level 3 of the Dungeon.
You visited 1 branch of the dungeon, and saw 3 of its levels.

You collected 74 gold pieces.

Inventory:

Hand Weapons
 a - a +1 vampiric war axe (weapon)
Armour
 b - a +0 scale mail (worn)
 c - a +0 buckler (worn)
Scrolls
 e - a scroll of fog {unknown}
Potions
 d - a potion of might
 g - 2 potions of attraction


   Skills:
 + Level 3.3 Fighting
 + Level 2.8 Axes
 + Level 3.1 Armour
 + Level 0.3 Dodging
 + Level 3.0 Shields


You had 2 spell levels left.
You didn't know any spells.
Your spell library was empty.

Dungeon Overview and Level Annotations

Branches:
Dungeon (3/15)

Altars:
Wu Jian

Annotations:
D:3 Grinder


Innate Abilities, Weirdness & Mutations

Your touch may inflict minor irresistible damage on your foes.


Message History

Pain shoots through your body! Grinder gestures at you.
You barely resist.
Grinder is nearby!
Unknown command.
Level annotation: Grinder Welcome back, lonewolfV2 the Demonspawn Fighter.
Press ? for a list of commands and other information.
You slash Grinder!
Grinder is moderately wounded.
Grinder closely misses you.
You closely miss Grinder.
Grinder is moderately wounded.
Grinder closely misses you.
You slash Grinder!
Grinder is heavily wounded.
Grinder hits you. x2; You writhe in agony.
You slash Grinder!
Grinder is almost dead.
Grinder hits you.
You barely miss Grinder.
Grinder is almost dead.
Grinder completely misses you. Grinder barely misses you.
You closely miss Grinder.
Grinder is almost dead.
Grinder says, "I used to sell toenails on the black market."
You block Grinder's attack.
You closely miss Grinder.
Grinder is almost dead.
Grinder says, "There's only one good use for a tongue: cutting it out."
You block Grinder's attack.
You closely miss Grinder.
Grinder is almost dead.
Grinder gestures at you. Pain shoots through your body!
* * * LOW HITPOINT WARNING * * *
Grinder hits you.
* * * LOW HITPOINT WARNING * * *
You writhe in agony.
You die...

###### #.....
#########
#.####
#.......# #.#
#@#####.#####)#
#5# #....##.#
## #.#
####.##.# #.
#.# #.##.# #.
#!# #.##.#
........#
#....#
.########
######


You could see Grinder.

Vanquished Creatures
  An adder (D:2)
  An adder skeleton (D:2)
  4 dart slugs
  6 endoplasms
  A giant cockroach (D:1)
  5 goblins (D:1)
  A kobold (D:1)
  3 quokkas
  4 ball pythons (D:1)
  5 bats
  3 frilled lizards
  2 rats
36 creatures vanquished.

Notes
Turn   | Place    | Note
-------+----------+-------------------------------------------
     0 | D:1      | lonewolfV2 the Demonspawn Fighter began the quest for the
                  | Orb.
     0 | D:1      | Reached XP level 1. HP: 18/18 MP: 1/1
   452 | D:1      | Discovered your monstrous ancestry.
   452 | D:1      | Gained mutation: Your touch may inflict minor irresistible
                  | damage on your foes. [demonic ancestry]
   452 | D:1      | Reached XP level 2. HP: 20/24 MP: 2/2
   883 | D:1      | Reached XP level 3. HP: 26/29 MP: 3/3
   962 | D:1      | Found a faded altar of an unknown god.
  1422 | D:2      | Found an ornate altar of the Wu Jian Council.
  2234 | D:3      | Noticed Grinder
  2252 | D:3      | Slain by Grinder

Illustrated notes

Levels and vault maps discovered:
D:1:      saegor_arrival_simple_c, layout_basic,
          shapermc_ecumenical_altar_notcrosses
D:2:      layout_basic, basic_altar
D:3:      layout_loops_ring, uniq_grinder, uniq_terence

Skill      XL: |  1  2  3 |
---------------+----------+-----
Axes           | 2 |  2.8
Armour         | 3 |  3.1
Shields        | 3 |  3.0
Fighting       | |  3.3
Dodging        | |  0.3

Action                   || total
-------------------------++-------
Melee: War axe           ||   106
  Use: Scroll            ||     6
Armor: Scale mail        ||    73
Dodge: Dodged            ||    55
Block: Buckler           ||    39
